 Dungeon Crawl Stone Soup version 0.31.0-32-g396128a36d (webtiles) character file.

Game seed: 8611950535744386936

56 Gabide the Ruffian (level 3, -3/29 HPs)
             Began as a Demigod Shapeshifter on Mar 24, 2024.
             Slain by Terence
             ... wielding a +3 short sword
              (6 damage)
             ... on level 1 of the Dungeon.
             The game lasted 00:03:18 (1097 turns).

Gabide the Ruffian (Demigod Shapeshifter)           Turns: 1097, Time: 00:03:18

Health: -3/29      AC:  3    Str: 18 (19) XL:     3   Next: 47%
Magic:  5/5        EV: 12    Int:  9 (12) God:
Gold:   92         SH:  0    Dex: 11 (13) Spells: 2/2 levels left

rFire   . .          .
                       - Unarmed
rCold   . . .        (no shield)
rNeg    . . .        g - +1 animal skin
rPois   +            b - melded +2 helmet
rElec   .            (cloak currently unavailable)
rCorr   .            (gloves currently unavailable)
SInv    +            (boots currently unavailable)
Will    .....        (no amulet)
Stlth   +            j - ring of poison resistance
HPRegen 0.24/turn    (no ring)
MPRegen 0.09/turn

%: no passive effects
@: beast-form
A: beast (slay +1), high MP 1, forlorn, divine attributes, see invisible,
mutation resistance 1
a: Begin Untransformation


You were on level 1 of the Dungeon.
You were a hulking beast.
You visited 1 branch of the dungeon, and saw 2 of its levels.

You collected 92 gold pieces.

Inventory:

Hand Weapons
 a - a +0 sling
Armour
 b - a +2 helmet (melded)
 g - a +1 animal skin (worn)
Jewellery
 j - a ring of poison resistance (left hand)
Talismans
 c - a beast talisman (active)
 d - a flux talisman
Scrolls
 f - a scroll of blinking
 k - a scroll of fog {unknown}
Potions
 l - a potion of heal wounds {unknown}


   Skills:
 + Level 1.8 Fighting
 + Level 2.3 Dodging
 + Level 3.1 Unarmed Combat
 + Level 3.1 Shapeshifting


You had 2 spell levels left.
You didn't know any spells.
Your spell library contained the following spells:

 Spells                   Type           Power      Damage    Failure   Level
 Ensorcelled Hibernation  Hex/Ice        0%         N/A       52%         2
 Passwall                 Erth           0%         N/A       77%         3
 Swiftness                Air            0%         N/A       77%         3


Dungeon Overview and Level Annotations

Branches:
Dungeon (2/15)

Annotations:
D:1 Terence


Innate Abilities, Weirdness & Mutations

You are a hulking beast.
Your limbs bulge with bestial killing power. (Slay +1)
You have an increased reservoir of magic. (+10% MP)
You shall have no god before yourself.
Your divine heritage dramatically boosts your attributes as you level up.
You have supernaturally acute eyesight. (SInv)
You are somewhat resistant to further mutation.


Message History

Press: ? - help, Q - select action Shift-Dir - straight line, f/p - Terence
Aim: Terence, wielding a +3 short sword and wearing a +0 chain mail (heavily wounded, very poisoned, 64% to hit)
You throw a poisoned dart. The poisoned dart hits Terence.
Terence looks even sicker.
Terence is heavily wounded.
Terence barely misses you. Terence barely misses you.
You climb upwards.
There is a stone staircase leading down here.
You hit Terence but do no damage.
Terence is heavily wounded.
Terence bares his teeth.
Terence hits you with a +3 short sword.
You closely miss Terence.
Terence is severely wounded.
Terence barely misses you.
You hit Terence but do no damage.
Terence is severely wounded.
Terence closely misses you.
You hit Terence but do no damage.
Terence is severely wounded.
Terence barely misses you.
You hit Terence but do no damage.
Terence is severely wounded.
Terence hits you with a +3 short sword!
* * * LOW HITPOINT WARNING * * *
Things that are here:
a +0 dagger; a +0 dagger; a +0 dagger Terence attacks as he pursues you!
Terence barely misses you. Terence attacks as he pursues you!
Terence hits you with a +3 short sword.
* * * LOW HITPOINT WARNING * * *
It was a potion of mutation.
You feel extremely strange.
Your vision sharpens.
You feel genetically stable. Terence closely misses you.
It was a potion of degeneration.
There was something very wrong with that liquid.
You feel weakened.
You feel dopey.
You feel clumsy. Terence hits you with a +3 short sword.
You die...
Terence says, "That felt goooood."

.######b.P.♣..#.### #.##.........
.# ##..P♣♣♣..#...# #[##.........
.####....PP♣♣P###.###.##.........
.......P.⌠.PP.###)##..#########..
#.#...........#...)>).)..........
#......(.P...##.###.####.........
....PP....P...#.#.(....#..)......
...P.PPP.PPPP.#@#+#.##+#.#....#..
.PPPP♣.P<..♣♣P#.h..>.....#.......
⌠...P♣♣♣PP.PP.#..........#....#.#
#....PP♣PP.P..#..................
##..⌠.P.P..⌠.##.........#######.#
###........###.................#
##..###..............#########
##.....########.##### #####.# #.#
#.# #.#


You could see Terence (poisoned).

Vanquished Creatures
  Robin (D:1)
  An adder (D:2)
  An orc (D:2)
  A bat (D:1)
  3 endoplasms
  A giant cockroach (D:2)
  10 goblins
  6 hobgoblins
  3 ball pythons (D:1)
  2 rats
29 creatures vanquished.

Notes
Turn   | Place    | Note
-------+----------+-------------------------------------------
     0 | D:1      | Gabide the Demigod Shapeshifter began the quest for the
                  | Orb.
     0 | D:1      | Reached XP level 1. HP: 15/15 MP: 3/3
    31 | D:1      | Reached skill level 1 in Fighting
   363 | D:1      | Reached XP level 2. HP: 23/23 MP: 4/4
   572 | D:2      | Noticed Robin
   720 | D:1      | HP: 1/23 [Robin/+0 falchion (7)]
   722 | D:1      | Killed Robin
   723 | D:1      | Reached XP level 3. HP: 2/28 MP: 5/5
  1032 | D:2      | Noticed Terence
  1096 | D:1      | Gained mutation: You have supernaturally acute eyesight.
                  | (SInv) [potion of mutation]
  1096 | D:1      | Gained mutation: You are somewhat resistant to further
                  | mutation. [potion of mutation]
  1097 | D:1      | Slain by Terence

Illustrated notes

Levels and vault maps discovered:
D:1:      spicycebolla_arrival_clurvy, layout_basic,
          ebering_ecumenical_altar_webs
D:2:      layout_basic, minmay_surrounded, uniq_terence, uniq_robin,
          uniq_crazy_yiuf_cottage

Skill      XL: |  1  2 |
---------------+-------+-----
Fighting       | 1 |  1.8
Dodging        | 2 |  2.3
Unarmed Combat | 3 |  3.1
Shapeshifting  | 3 |  3.1

Action                     || total
---------------------------++-------
  Melee: Unarmed           ||    73
         Punch             ||     3
   Fire: Sling             ||     7
  Throw: Dart              ||     9
Ability: Begin Untransform ||     2
    Use: Scroll            ||     6
         Potion            ||     3
 Armour: Animal skin       ||    60
         Skin              ||     1
  Dodge: Dodged            ||    53
   Form: Beast             ||     2
         Flux              ||     1
